 Dungeon Crawl Stone Soup version 0.31-a0-214-gb37851dbb3 (webtiles) character file.

Game seed: 3798267070895946485

11 innerfire43 the Trooper (level 2, 0/24 HPs)
             Began as a Demonspawn Monk on July 1, 2023.
             Slain by a worm (9 damage)
             ... on level 2 of the Dungeon.
             The game lasted 00:00:49 (793 turns).

innerfire43 the Trooper (Demonspawn Monk)            Turns: 793, Time: 00:00:49

Health: 0/24       AC:  3    Str: 11    XL:     2   Next: 13%
Magic:  2/2        EV: 13    Int: 11    God:
Gold:   29         SH:  0    Dex: 15    Spells: 1/1 levels left

rFire   . . .        g - +0 short sword (speed)
rCold   . . .        d - orb {light}
rNeg    . . .        b - +0 robe
rPois   .            (no helmet)
rElec   .            (no cloak)
rCorr   .            (no gloves)
SInv    .            (no boots)
Will    .....        (no amulet)
Stlth   +            (no ring)
HPRegen 0.24/turn    (no ring)
MPRegen 0.08/turn

%: no passive effects
@: glowing
A: sharp scales 1
a: no special abilities


You were on level 2 of the Dungeon.
You visited 1 branch of the dungeon, and saw 2 of its levels.

You collected 29 gold pieces.

Inventory:

Hand Weapons
 a - a +0 hand axe
 g - a +0 short sword of speed (weapon)
Armour
 b - a +0 robe (worn)
 d - an orb of light (worn)
Scrolls
 e - a scroll of noise {unknown}
 f - a scroll of revelation {unknown}
Potions
 c - a potion of ambrosia


   Skills:
 + Level 3.2 Fighting
 * Level 0.0 Short Blades
 - Level 2.9 Axes
 + Level 2.9 Dodging


You had one spell level left.
You didn't know any spells.
Your spell library contained the following spells:

 Spells                   Type           Power      Damage    Failure   Level
 Freeze                   Ice            0%         1d3       34%         1
 Frozen Ramparts          Ice            0%         1d1       71%         3
 Hailstorm                Conj/Ice       0%         3d3       71%         3


Dungeon Overview and Level Annotations

Branches:
Dungeon (2/15)

Altars:


Innate Abilities, Weirdness & Mutations

You are partially covered in razor-sharp scales. (AC +1, Slay +1)


Message History

Things that are here:
a +0 short sword of speed; 4 stones
g - a +0 short sword of speed Your hands tingle!
g - a +0 short sword of speed (weapon)
Done exploring.
There is an open door here.
There is a stone staircase leading down here.
You climb downwards.
The goblin shouts!
The adder hisses angrily.
Found 2 silver boomerangs and 7 gold pieces.
There is a stone staircase leading up here.
There are monsters nearby!
You hit the worm.
The worm is moderately wounded.
The worm bites you!
You hit the worm.
The worm is moderately wounded.
You hit the worm.
The worm is moderately wounded.
The worm bites you!
You are too injured to fight recklessly!
You are too injured to fight recklessly!
You are too injured to fight recklessly!
You hit the worm but do no damage.
The worm is moderately wounded.
You hit the worm.
The worm is heavily wounded.
The adder barely misses you.
You hit the worm.
The worm is severely wounded.
The worm barely misses you. The adder completely misses you.
Unknown command.
You hit the worm.
The worm is almost dead.
The adder closely misses you.
You hit the worm.
The worm is almost dead.
The worm bites you!
You die...

#.# #. #.#
.##.#####.####
.............#
.............#
.....$.......#
.........S.w.#
.........g@..+
.............#
.......<.....#
.............#
###.##..(.......
.. #.#######.#
## .. .# ... .
....


You could see a worm, an adder and a goblin.

Vanquished Creatures
  3 bats (D:1)
  2 endoplasms (D:1)
  A giant cockroach (D:1)
  A quokka (D:1)
  A frilled lizard (D:1)
  A kobold (D:1)
  A rat (D:1)
10 creatures vanquished.

Notes
Turn   | Place    | Note
-------+----------+-------------------------------------------
     0 | D:1      | innerfire43 the Demonspawn Monk began the quest for the
                  | Orb.
     0 | D:1      | Reached XP level 1. HP: 18/18 MP: 1/1
   239 | D:1      | Gained mutation: You are partially covered in razor-sharp
                  | scales. (AC +1, Slay +1) [demonic ancestry]
   239 | D:1      | Reached XP level 2. HP: 24/24 MP: 2/2
   793 | D:2      | Slain by a worm

Illustrated notes

Levels and vault maps discovered:
D:1:      dpeg_arrival_stonehenge_8_columns, layout_basic, supply_closet_lemuel
D:2:      layout_basic, kennysheep_generic_room_11

Action                     || total
---------------------------++-------
  Melee: Hand axe          ||    16
         Short sword       ||     8
 Armour: Robe              ||     7
  Dodge: Dodged            ||    13

Table legend: (Time is in decaauts)
 A = Elapsed time spent in this place.
 B = Non-inter-level travel time spent in this place.
 C = Inter-level travel time spent in this place.
 D = Time resting spent in this place.
 E = Time spent auto-exploring this place.
 F = Levels seen in this place.
 G = Mean time per level.
                   A        B        C        D        E       F      G
               +--------+--------+--------+--------+--------+-----+--------+
         Total |    792 |    682 |    110 |      0 |    613 |   2 |  396.0 |
       Dungeon |    792 |    682 |    110 |      0 |    613 |   2 |  396.0 |
               +--------+--------+--------+--------+--------+-----+--------+

Top non-repeatable levels by time:
     D:1: 784 daAuts
     D:2: 8 daAuts
